 Dungeon Sprint DCSS version 0.21-a0-49-g7bf2ba4 (webtiles) character file.

35 Kidiri the Ruffian (level 3, -11/37 HPs)
             Began as a Troll Monk on June 10, 2017.
             Mangled by a water elemental (18 damage)
             ... in the Dungeon (Sprint III: "The Ten Rune Challenge").
             The game lasted 00:01:49 (176 turns).

Kidiri the Ruffian (Troll Monk)                      Turns: 176, Time: 00:01:50

Health: -11/37     AC:  5    Str: 23    XL:     3   Next: 17%
Magic:  2/2        EV: 11    Int:  6    God:
Gold:   31         SH:  0    Dex: 15    Spells: 2/2 levels left

rFire    . . .     SeeInvis .     - Unarmed
rCold    . . .     Gourm    +   (no shield)
rNeg     . . .     Faith    .   a - +0 robe
rPois    .         Spirit   .   (helmet restricted)
rElec    .         Reflect  .   (no cloak)
rCorr    .         Harm     .   (gloves unavailable)
MR       .....     Clarity  +   (boots unavailable) Stlth ++........NoTele +
                                (no amulet)
Regen    0.6/turn               (no ring)
MPRegen  0.1/turn               (no ring)

@: no status effects
A: unfitting armour, claws 3, agile 1, clarity, fast metabolism 3, gourmand,
regeneration 1, shaggy fur 1, strong 2, tough skin 2
a: no special abilities


You were in the Dungeon.
You were very full.

You visited 1 branch You collected 31 gold pieces.

Inventory:

Armour
 a - a +0 robe (worn)
Scrolls
 h - a scroll of blinking
 j - a scroll of holy word {unknown}
 k - 3 scrolls of identify
 l - 3 scrolls of remove curse
 o - a scroll of immolation {unknown}
Potions
 c - 2 potions of curing
 e - a potion of haste
 f - 2 potions of magic
 g - a potion of berserk rage
 n - 3 potions of flight
Comestibles
 b - 2 bread rations
 m - 2 meat rations


   Skills:
 + Level 3.0 Fighting
 + Level 1.5 Armour
 * Level 3.5 Dodging
 * Level 2.1 Stealth
 * Level 4.4 Unarmed Combat


You had 2 spell levels left.
You didn't know any spells.

Dungeon Overview and Level Annotations

Branches:
Dungeon (1/1)

Altars:


Innate Abilities, Weirdness & Mutations

You are too large for most types of armour.
You have claws for hands.
Your metabolism is lightning-fast.
You like to eat raw meat.
Your natural rate of healing is unusually fast.
You are covered in fur. (AC +1)
You have very tough skin. (AC +2)
You are agile. (Dex +2)
You possess an exceptional clarity of mind.
Your muscles are very strong. (Str +4)


Message History

The water elemental is severely damaged.
The water elemental hits you!
The water elemental engulfs you in water!
With effort, you pull free of the water engulfing you.
You gasp with relief as air once again reaches your lungs.
The water elemental misses you.
You scratch the water elemental but do no damage.
The water elemental is severely damaged.
The water elemental barely misses you.
You closely miss the water elemental.
The water elemental is severely damaged.
The water elemental hits you!!
Ouch! That really hurt!
* * * LOW HITPOINT WARNING * * *
The water elemental engulfs you in water!
Unknown command.
With effort, you pull free of the water engulfing you.
You gasp with relief as air once again reaches your lungs.
The water elemental hits you!!
You die...

▓<..#[..#### ##.#
▓...#......#####..#
▓..##.......#..#..#
▓##.##.##...#..#..###+#+##
##.##.###..##+#..#.......
▓#.####.##..###...'.⌠.....
▓.###..##..####...#...####
▓#.....##..###.E..#.⌠.#
###..##...##..@..#...#
##..##....#÷.....#+###
#..###..##.#.....# #).#
#..#####....# ▓▓▓▓ ▓▓▓▓
▓▓▓▓▓▓


You could see a water elemental.

Vanquished Creatures
  A human (D)
  A wolf (D)
  4 rats (D)
6 creatures vanquished.

Vanquished Creatures (others)
  6 hellions (D)
6 creatures vanquished.

Grand Total: 12 creatures vanquished

Notes
Turn   | Place    | Note
-------+----------+-------------------------------------------
     0 | D        | Kidiri the Troll Monk began the quest for the Orb.
     0 | D        | Reached XP level 1. HP: 22/22 MP: 0/0
    50 | D        | Noticed a wolf
    62 | D        | Killed a wolf
    62 | D        | Reached skill level 1 in Armour
    62 | D        | Reached XP level 2. HP: 24/29 MP: 1/1
    70 | D        | Reached skill level 4 in Unarmed Combat
    70 | D        | Reached XP level 3. HP: 27/37 MP: 2/2
    92 | D        | Gained mutation: You are dopey. (Int -2) [potion of mutation]
    92 | D        | Gained mutation: You are agile. (Dex +2) [potion of mutation]
    92 | D        | Gained mutation: You are very agile. (Dex +4) [potion of mutation]
    93 | D        | Lost mutation: You are dopey. (Int -2) [potion of mutation]
    93 | D        | Lost mutation: You are very agile. (Dex +4) [potion of mutation]
    93 | D        | Lost mutation: You are agile. (Dex +2) [potion of mutation]
    93 | D        | Gained mutation: You are frail. (-10% HP) [potion of mutation]
    93 | D        | Gained mutation: You expend magic power (3 MP) to strengthen your wands. [potion of mutation]
    93 | D        | Gained mutation: Your spells are a little easier to cast, but a little less powerful. [potion of mutation]
    93 | D        | Gained mutation: You have very sharp teeth. [potion of mutation]
    94 | D        | Lost mutation: You are frail. (-10% HP) [potion of mutation]
    94 | D        | Lost mutation: Your spells are a little easier to cast, but a little less powerful. [potion of mutation]
    94 | D        | Lost mutation: You have very sharp teeth. [potion of mutation]
    94 | D        | Lost mutation: You expend magic power (3 MP) to strengthen your wands. [potion of mutation]
    94 | D        | Gained mutation: Your muscles are strong. (Str +2) [potion of mutation]
    94 | D        | Gained mutation: Your muscles are very strong. (Str +4) [potion of mutation]
    94 | D        | Gained mutation: You are agile. (Dex +2) [potion of mutation]
    94 | D        | Gained mutation: You possess an exceptional clarity of mind. [potion of mutation]
    99 | D        | Killed a hellion
   100 | D        | Killed a hellion
   104 | D        | Killed a hellion
   106 | D        | Killed a hellion
   107 | D        | Killed a hellion
   109 | D        | Killed a hellion
   163 | D        | Noticed a water elemental
   176 | D        | Mangled by a water elemental

Vault maps used:
D:        dungeon_sprint_mu

Skill      XL: |  1  2 |
---------------+-------+-----
Armour         | 1 |  1.5
Dodging        | 3 |  3.5
Fighting       | 3 |  3.0
Stealth        | 2 |  2.1
Unarmed Combat | 4 |  4.4

Action                   || total
-------------------------++-------
Melee: Unarmed           ||    30
  Use: Potion            ||     4
 Stab: Sleeping          ||     2
  Eat: Chunk             ||     6
Armor: Robe              ||     8
Dodge: Dodged            ||    17
